 Dungeon Crawl Stone Soup version 0.28-b1-1-g3c77fb2ed1 (webtiles) character file.

Game seed: 18379417727961713290

3281 belegose the Ducker (level 10, -1/109 HPs)
             Began as a Djinni Fire Elementalist on Jan 28, 2022.
             Was an Initiate of Makhleb.
             Slain by Gastronok (36 damage)
             ... on level 8 of the Dungeon.
             The game lasted 00:32:36 (9462 turns).

belegose the Ducker (Djinni Fire Elementalist)      Turns: 9462, Time: 00:32:37

Health: -1/109     AC:  6    Str: 24    XL:     10   Next: 20%
Gold:   282        EV: 14    Int: 18    God:    Makhleb [......] SH:  5 Dex: 13

rFire   + + .      SeeInvis .   a - +10 short sword of Prudence {speed, Str+7}
rCold   x . .      Faith    .   (no shield)
rNeg    . . .      Spirit   .   d - +0 robe
rPois   ∞          Reflect  +   f - +2 helmet
rElec   .          Harm     .   (no cloak)
rCorr   .          Rampage  .   x - +0 pair of gloves
Will    +....                   (boots unavailable)
Stlth   ..........              y - amulet of reflection
HPRegen 0.28/turn               l - +6 ring of strength
MPRegen 0.00/turn               I - ring of wizardry

@: berserking, flying, slowed
A: sickness immunity, fire resistance 2, cold vulnerability 1, float, innate
caster, hp casting, extra vitality 1
a: Renounce Religion


You were on level 8 of the Dungeon.
You worshipped Makhleb.
Makhleb was noncommittal.
You visited 2 branches of the dungeon, and saw 9 of its levels.
You also visited: Sewer.

You collected 310 gold pieces.
You spent 28 gold pieces at shops.

Inventory:

Hand Weapons
 a - the +10 short sword of Prudence (weapon) {speed, Str+7}
   (You found it on level 6 of the Dungeon)

   Attacks with this weapon are significantly faster.
   Str:       It affects your strength (+7).
 b - a +1 demon blade of electrocution
Missiles
 e - 11 poisoned darts
 j - 158 stones
 B - a throwing net
 J - a curare-tipped dart
Armour
 d - a +0 robe (worn)
 f - a +2 helmet (worn)
 x - a +0 pair of gloves (worn)
 A - the +1 helmet of the Bells {rF+++ rC- rCorr Stlth+}
   (You took it off Robin on level 3 of the Dungeon)

   rF:        It renders you almost immune to fire.
   rC:        It makes you vulnerable to cold.
   rCorr:     It protects you from acid and corrosion.
   Stlth:     It makes you more stealthy.
Jewellery
 l - a +6 ring of strength (left hand)
 w - a ring of fire
 y - an amulet of reflection (around neck)
 I - a ring of wizardry (right hand)
Scrolls
 k - 2 scrolls of fear {unknown}
 o - 3 scrolls of teleportation
 q - a scroll of summoning {unknown}
 r - a scroll of fog {unknown}
 s - a scroll of blinking
 t - a scroll of magic mapping {unknown}
 v - 2 scrolls of amnesia {unknown}
 D - 4 scrolls of immolation {unknown}
 E - a scroll of brand weapon {unknown}
 H - a scroll of identify
Potions
 g - 2 potions of mutation
 h - a potion of berserk rage
 i - a potion of heal wounds
 m - 6 potions of curing
 n - 2 potions of haste
 u - a potion of brilliance {unknown}
 z - a potion of attraction {unknown}
 C - 2 potions of flight {unknown}
 F - a potion of might {unknown}
 G - a potion of lignification {unknown}


   Skills:
 + Level 6.7 Fighting
 + Level 3.2 Short Blades
 - Level 6.7 Dodging
 + Level 6.4 Stealth
 + Level 5.8 Spellcasting


You couldn't memorise any spells.
You knew the following spells:

 Your Spells              Type           Power      Damage    Failure   Level
a - Foxfire               Conj/Fire      100%       2x1d9     1%          1
b - Call Canine Familiar  Summ           26%        N/A       1%          3
c - Conjure Flame         Conj/Fire      26%        6-21      1%          3
d - Inner Flame           Hex/Fire       26%        N/A       1%          3
e - Flame Wave            Conj/Fire      26%        2d7       4%          4
f - Apportation           Tloc           52%        N/A       1%          1
g - Wereblood             Tmut           26%        N/A       1%          2
h - Frozen Ramparts       Ice            52%        1d7       1%          3
i - Scorch                Fire           52%        2d7       1%          2
Your spell library was empty.

Dungeon Overview and Level Annotations

Branches:
Dungeon (8/15)             Temple (1/1) D:5           Sewer (visited)
   Lair: D:8-11

Altars:
Cheibriados
Dithmenos
Elyvilon
Fedhas
Gozag
Hepliaklqana
Kikubaaqudgha
Makhleb
Nemelex Xobeh
Okawaru
Qazlal
Sif Muna
Trog
Uskayaw
Vehumet
Wu Jian
Xom
Yredelemnul
Zin
The Shining One

Shops:
D:4 *   D:8 *

Annotations:
D:2 Sigmund
D:8 Gastronok


Innate Abilities, Weirdness & Mutations

You are immune to sickness and miasma.
You are immune to poison.
Your flesh is very heat resistant. (rF++)
You are vulnerable to cold. (rC-)
You float through the air rather than walking.
You learn spells naturally, not from books.
Your magical power is your life essence.
You have superior vitality. (+4 MHP)


Message History

* * * LOW HITPOINT WARNING * * *
Unknown command.
You feel much better.
Your hound bites Gastronok. x2
Unknown command.
You puncture Gastronok!
Gastronok is moderately wounded.
Your hound completely misses Gastronok.
The wall freezes Gastronok.
Gastronok looks at you and mumbles some strange words.
You feel yourself slow down.
Unknown command.
You hit Gastronok but do no damage.
Gastronok is moderately wounded.
Your hound bites Gastronok.
Unknown command.
You hit Gastronok.
Gastronok is moderately wounded.
Your hound bites Gastronok but does no damage.
Your hound bites Gastronok.
The wall freezes Gastronok!
Gastronok bites you!
Unknown command.
You aren't carrying any items that you can evoke.
Unknown command.
A red film seems to cover your vision as you go berserk!
You feel yourself moving faster!
You feel mighty!
Your hound bites Gastronok. x2
Unknown command.
You puncture Gastronok!
Gastronok is heavily wounded.
The frozen ramparts melt away.
Your hound bites Gastronok.
Gastronok bites you.
Unknown command.
You puncture Gastronok!
Gastronok is severely wounded.
Your hound bites Gastronok.
Unknown command.
You impale Gastronok!!
Gastronok is almost dead.
Your hound bites Gastronok.
Unknown command.
You puncture Gastronok!
Gastronok is almost dead.
Gastronok bites you!!!
You die...

.............
............. #.
............ #.
..........# #.
###.......#####..
##..>............
##............... ##.
.......).......w##+#....
......#........h@.......
......+...............#.
......#.#######.......#
......#............##.#
...#..###########..# #
...#### ..... .....
..... #######..####.#
.##### #........ .. .#
####........# .


You could see Gastronok (ally target) and a friendly hound (summoned).

Vanquished Creatures
  A two-headed ogre (D:8)
  Grinder (D:6)
  Menkaure (D:7)
  2 ice beasts
  2 necrophages
  3 ogres
  A black bear (D:5)
  A centaur (D:6)
  A kobold brigand (D:8)
  3 bullfrogs
  2 water moccasin zombies
  2 water moccasin skeletons
  5 wights (D:8)
  5 howler monkeys (D:7)
  3 jellies
  3 hounds
  An orc priest (D:3)
  A bullfrog skeleton (D:6)
  A gnoll shaman (D:7)
  2 iguanas
  A killer bee zombie (D:7)
  A hound skeleton (D:4)
  Robin (D:3)
  6 gnolls
  5 adders
  A white imp (D:6)
  An ufetubus (D:5)
  6 worms
  3 dart slugs (D:1)
  20 orcs
  14 ball pythons
  8 endoplasms
  10 giant cockroaches
  5 hobgoblins
  3 jackals (D:2)
  10 kobolds
  11 quokkas
  6 bats
  7 frilled lizards
  14 goblins
  7 rats
181 creatures vanquished.

Vanquished Creatures (collateral kills)
  A sky beast (D:6)
  A jelly (D:6)
2 creatures vanquished.

Vanquished Creatures (others)
  454 foxfires
454 creatures vanquished.

Grand Total: 637 creatures vanquished

Notes
Turn   | Place    | Note
-------+----------+-------------------------------------------
     0 | D:1      | belegose the Djinni Fire Elementalist began the quest for
                  | the Orb.
     0 | D:1      | Reached XP level 1. HP: 15/15 MP: 0/0
   255 | D:1      | Reached XP level 2. HP: 6/22 MP: 0/0
  1064 | D:1      | Reached skill level 1 in Fighting
  1064 | D:1      | Reached XP level 3. HP: 26/27 MP: 0/0
  1064 | D:1      | Learned a level 1 spell: Apportation
  1896 | D:2      | Noticed Sigmund
  2113 | D:2      | Reached XP level 4. HP: 24/32 MP: 0/0
  2803 | D:1      | Reached XP level 5. HP: 34/38 MP: 0/0
  2803 | D:1      | Learned a level 2 spell: Wereblood
  2955 | D:3      | Found a sparkling altar of Nemelex Xobeh.
  3001 | D:3      | Identified the +6 dagger "Souqa" {vorpal, Int+2}
  3089 | D:3      | Found a glowing drain.
  3101 | Sewer    | Entered a sewer
  3418 | Sewer    | Noticed a bullfrog
  3421 | Sewer    | Killed a bullfrog
  3422 | Sewer    | Reached XP level 6. HP: 42/45 MP: 0/0
  3539 | D:3      | Noticed a necrophage
  3545 | D:3      | Killed a necrophage
  3546 | D:3      | Reached XP level 7. HP: 45/50 MP: 0/0
  3546 | D:3      | Learned a level 3 spell: Frozen Ramparts
  3577 | D:3      | Found a faded altar of an unknown god.
  3627 | D:3      | Identified the +1 helmet of the Bells {rF+++ rC- rCorr
                  | Stlth+}
  3627 | D:3      | Noticed Robin
  3959 | D:3      | Found a snail-covered altar of Cheibriados.
  4482 | D:3      | Killed Robin
  4877 | D:4      | Found Byreppol's General Store.
  4906 | D:4      | Bought a scroll of identify for 28 gold pieces
  5002 | D:4      | Found a bloodstained altar of Trog.
  5778 | D:4      | Reached skill level 5 in Dodging
  5778 | D:4      | Reached XP level 8. HP: 53/58 MP: 0/0
  5875 | D:5      | Entered Level 5 of the Dungeon
  6010 | D:5      | Found a staircase to the Ecumenical Temple.
  6032 | Temple   | Entered the Ecumenical Temple
  7349 | D:6      | Reached skill level 5 in Fighting
  7349 | D:6      | Reached XP level 9. HP: 60/65 MP: 0/0
  7349 | D:6      | Learned a level 3 spell: Call Canine Familiar
  7392 | D:6      | Reached skill level 5 in Stealth
  7478 | D:6      | Identified the +10 short sword of Prudence {speed, Str+7}
  7735 | D:6      | Noticed Grinder
  7741 | D:6      | Paralysed by Grinder for 6 turns
  7756 | D:6      | Killed Grinder
  7809 | D:6      | Found an opulent altar of Gozag.
  7829 | D:6      | Reached skill level 5 in Spellcasting
  7966 | D:7      | Found a burning altar of Makhleb.
  8038 | D:7      | Became a worshipper of Makhleb the Destroyer
  8074 | D:7      | Found a basalt altar of Yredelemnul.
  8224 | D:7      | Noticed Menkaure
  8232 | D:7      | Killed Menkaure
  8233 | D:7      | Reached skill level 1 in Short Blades
  8958 | D:8      | Found an iron altar of Okawaru.
  8993 | D:8      | Found Yreiqumu's Assorted Antiques.
  9148 | D:8      | Noticed a two-headed ogre
  9166 | D:8      | Killed a two-headed ogre
  9167 | D:8      | Reached XP level 10. HP: 18/73 MP: 0/0
  9441 | D:8      | Noticed Gastronok
  9462 | D:8      | Slain by Gastronok

Illustrated notes

Levels and vault maps discovered:
D:1:      dpeg_arrival_yet_another_circle, layout_loops_ring,
          kennysheep_another_room, hangedman_decor_points
D:2:      layout_rooms, st_stairs_4, minmay_surrounded, uniq_sigmund
D:3:      minmay_wonky_spiral, layout_loops_ring, cheibriados_altar_1,
          nemelex_xobeh_ov_fountains_minmay, chequers_ecumenical_altar_simple,
          gup_sewer_entry_pipe, uniq_robin
D:4:      layout_basic, kennysheep_mini, nicolae_stop_n_shop_2,
          nicolae_wormholes
D:5:      layout_basic, minmay_temple_entry_statues
D:6:      layout_rooms, mainiacjoe_overflow_small_starburst,
          kennysheep_generic_room_16, uniq_grinder
D:7:      layout_loops_ring, mainiacjoe_overflow_tiny_flanked, bloody_makhleb,
          kennysheep_generic_room_6, uniq_menkaure
D:8:      layout_basic, gammafunk_temple_overflow_forgotten,
          david_lair_shrubbed, serial_co_window_serial, co_window_corner_a,
          co_window_paths_b, co_window_corner_a, co_window_corner_a,
          co_window_corner_a, co_window_paths_a, co_window_cross_1,
          co_window_paths_b, co_window_paths_b, co_window_corner_ca,
          co_window_corner_b, co_window_corner_cb, co_window_4corner_a,
          serial_shops, kennysheep_mini_moat, st_stairs_10,
          hangedman_abyss_or_decor_passed, uniq_gastronok
Temple:   nicolae_temple_no_exploring_needed

Skill      XL: |  1  2  3  4  5  6  7  8  9 |
---------------+----------------------------+-----
Fighting       | 1 2 3 5 6 |  6.7
Stealth        | 2 3 4 6 |  6.4
Dodging        | 3 4 5 6 |  6.7
Spellcasting   | 3 4 5 |  5.8
Short Blades   | 3 |  3.2

Action                   |  1- 3 |  4- 6 |  7- 9 | 10-12 || total
-------------------------+-------+-------+-------+-------++-------
Melee: Dagger            |    24 |    28 |   109 |       ||   161
       Unarmed           |     3 |       |       |       ||     3
       Punch             |       |       |     2 |       ||     2
       Short sword       |       |       |    64 |    11 ||    75
 Cast: Foxfire           |    59 |    58 |   139 |       ||   256
       Frozen Ramparts   |       |       |     5 |     1 ||     6
       Call Canine Famil |       |       |     7 |     1 ||     8
       Conjure Flame     |       |       |     1 |       ||     1
       Scorch            |       |       |     1 |       ||     1
Evoke: Wand              |       |       |     1 |       ||     1
  Use: Scroll            |       |       |     7 |       ||     7
       Potion            |       |       |       |     2 ||     2
 Stab: Sleeping          |     2 |     2 |     5 |       ||     9
       Distracted        |       |       |     1 |       ||     1
Armor: Robe              |    11 |    12 |    42 |       ||    65
Dodge: Dodged            |    16 |    41 |    92 |       ||   149
Block: Other             |       |       |    26 |       ||    26
       Reflection        |       |       |     1 |       ||     1
